Map: Kairos Junction LE

Players

RaynorWins

  • Race: Terran Terran
  • League: Diamond
  • Spawn Location: 5:00

Nordy - Winner!

  • Race: Protoss Protoss
  • League: Diamond
  • Spawn Location: 11:00

VOD

Have the link to the VOD?

Description

Time

  • Played on: Nov. 29, 2018, 11:06 a.m.
  • Length: 10:56
Show
View Real Time Build Order
Export as new Build Order

RaynorWins Terran 

Build Orders: Gas First Reaper Expand, Liberator Opening 

Get SALT Encoding   

  12  0:00  SCV  
  13  0:13  SCV  
  14  0:17  Supply Depot  
  14  0:25  SCV  
  15  0:33  Refinery  
  15  0:38  SCV  
  16  0:45  Barracks  
  16  0:50  SCV  
  17  1:03  SCV  
  18  1:15  SCV  
  19  1:32  Reaper, Orbital Command  
  20  1:44  Command Center  
  20  1:55  Supply Depot  
  20  1:58  SCV  
  21  2:10  Barracks Reactor  
  21  2:11  SCV  
  22  2:23  SCV  
  22  2:29  Refinery  
  23  2:33  Factory  
  23  2:35  SCV  
  24  2:45  Bunker  
  24  2:47  SCV  
  24  2:49  Marine x2  
  27  2:59  SCV  
  27  3:03  Orbital Command  
  28  3:11  SCV  
  29  3:19  Starport  
  29  3:23  SCV, Widow Mine x2  
  29  3:24  Marine  
  35  3:27  Supply Depot  
  35  3:35  SCV x2  
  35  3:40  Liberator  
  37  3:45  Marine  
  37  3:46  Widow Mine x2  
  42  3:54  SCV x2  
  47  4:03  Supply Depot  
  47  4:04  Barracks Tech Lab  
  47  4:06  SCV x2  
  49  4:13  Supply Depot, Widow Mine  
  49  4:14  Widow Mine  
  53  4:18  SCV  
  54  4:25  SCV  
  54  4:30  SCV  
  56  4:35  Command Center, Widow Mine x2  
  56  4:38  SCV  
  61  4:40  Medivac  
  62  4:54  SCV  
  62  4:55  SCV  
  62  4:56  Widow Mine x2  
  68  5:00  Refinery  
  68  5:02  Barracks  
  68  5:03  Refinery  
  68  5:05  Barracks  
  68  5:06  Supply Depot, SCV  
  69  5:07  Stimpack  
  69  5:12  Engineering Bay x2  
  69  5:20  SCV  
  70  5:23  Starport Reactor  
  70  5:27  Widow Mine x2  
  74  5:33  SCV x2  
  76  5:35  Supply Depot  
  76  5:39  Terran Infantry Armor Level 1, Terran Infantry Weapons Level 1  
  76  5:43  Barracks  
  76  5:45  SCV  
  76  5:46  SCV  
  78  5:52  Barracks  
  75  6:06  Widow Mine, Orbital Command  
  75  6:08  Barracks Tech Lab  
  75  6:10  Barracks Reactor  
  77  6:13  Supply Depot  
  77  6:14  SCV x2  
  75  6:37  Medivac x2, Widow Mine x2, Marine  
  82  6:40  Barracks Reactor  
  82  6:43  Barracks Tech Lab  
  78  6:48  SCV x2, Armory  
  78  6:50  Supply Depot  
  80  6:54  Marine x3  
  80  6:55  Orbital Command, Marine  
  84  7:02  Fusion Core  
  84  7:07  SCV  
  85  7:09  Starport  
  83  7:22  SCV x2  
  85  7:23  Marauder x2, Marine x3  
  85  7:25  SCV  
  93  7:34  Terran Infantry Weapons Level 2  
  93  7:35  Terran Infantry Armor Level 2  
  93  7:41  Marauder, Marine x4  
  99  7:47  Starport Tech Lab  
  99  7:48  SCV x3  
  102  7:55  Medivac x2, Widow Mine x2  
  102  7:56  Marine  
  102  7:57  Marauder  
  113  7:58  Marine  
  113  7:59  Marine  
  113  8:02  SCV x2  
  117  8:05  Supply Depot  
  117  8:10  Refinery  
  117  8:11  Refinery  
  117  8:12  Supply Depot  
  117  8:19  Liberator  
  117  8:26  Marine x2  
  117  8:27  Marauder x2, SCV x3, Advanced Ballistics, Marine x3  
  117  8:33  Liberator  
  119  8:39  SCV  
  123  8:44  Marine  
  123  8:45  Marauder  
  123  8:46  SCV x2  
  128  8:49  Marine x4  
  128  8:50  Marauder  
  128  8:54  Combat Shield  
  137  8:56  Concussive Shells  
  137  9:02  Marine  
  137  9:06  Marauder  
  140  9:21  Marauder  
  136  9:28  Marauder, Marine x4  
  136  9:30  Marauder, Liberator x2  
  140  9:31  Liberator  
  138  9:42  Marauder  
  132  9:46  Marine x4  
  132  9:50  Marauder  
  141  9:53  Marauder  
  141  10:00  Supply Depot  
  141  10:04  Command Center  
  141  10:20  Supply Depot  
  141  10:21  Marauder x2, Marine x5  
Show
View Real Time Build Order
Export as new Build Order

Nordy Protoss - Winner!

Build Orders: 1 Gate Expand, Blink Stalkers 

Get SALT Encoding   

  12  0:01  Probe  
  13  0:13  Probe  
  14  0:17  Pylon  
  14  0:25  Probe  
  15  0:34  Probe  
  15  0:37  Gateway  
  15  0:42  Probe  
  16  0:47  Assimilator  
  17  0:51  Probe  
  18  1:03  Probe  
  19  1:15  Probe  
  20  1:25  Nexus  
  20  1:35  Cybernetics Core  
  20  1:40  Assimilator  
  20  1:44  Probe  
  21  1:51  Pylon  
  21  1:56  Probe  
  22  2:02  Adept  
  22  2:13  Warp Gate  
  24  2:15  Probe  
  24  2:19  Twilight Council  
  25  2:28  Probe  
  25  2:33  Stalker  
  27  2:40  Probe  
  27  2:42  Probe  
  28  2:48  Probe  
  28  2:50  Probe  
  29  2:56  Probe  
  29  2:57  Blink  
  31  2:59  Probe  
  33  3:08  Probe  
  33  3:11  Gateway  
  34  3:13  Probe  
  35  3:20  Probe  
  35  3:21  Pylon  
  35  3:25  Probe  
  37  3:32  Probe  
  38  3:38  Probe, Stalker  
  41  3:44  Probe  
  41  3:50  Probe  
  42  3:56  Probe  
  42  4:00  Robotics Facility  
  42  4:02  Probe  
  44  4:04  Assimilator  
  44  4:06  Assimilator  
  44  4:08  Probe  
  45  4:13  Gateway x2  
  45  4:14  Probe  
  46  4:21  Probe  
  46  4:22  Stalker  
  49  4:24  Stalker  
  49  4:26  Probe  
  52  4:33  Probe  
  53  4:38  Probe  
  53  4:40  Pylon  
  53  4:43  Pylon  
  54  4:58  Stalker x2  
  58  5:02  Probe x2  
  58  5:04  Observer  
  61  5:09  Forge  
  61  5:11  Gateway  
  61  5:13  Gateway, Protoss Ground Weapons Level 1  
  61  5:17  Stalker x2  
  65  5:25  Nexus  
  65  5:29  Pylon  
  65  5:31  Pylon  
  65  5:36  Charge  
  65  5:38  Templar Archives  
  65  5:48  Stalker  
  67  5:51  Probe x2  
  67  5:52  Zealot  
  67  5:55  Observer  
  72  6:03  Probe  
  72  6:04  Probe  
  74  6:08  Zealot x3  
  80  6:15  Probe  
  80  6:16  Probe, Pylon  
  82  6:19  Pylon  
  72  6:39  Probe x2  
  73  6:46  Probe  
  75  6:47  Probe x2  
  75  6:52  Zealot x4  
  75  6:53  Zealot x2  
  89  6:58  Immortal  
  93  7:01  Probe  
  93  7:02  Probe  
  93  7:04  Probe  
  96  7:13  Probe  
  96  7:14  Probe  
  98  7:16  High Templar x4, Probe  
  98  7:17  High Templar, Psionic Storm  
  98  7:20  High Templar  
  111  7:25  Probe  
  111  7:26  Protoss Ground Weapons Level 2  
  112  7:48  Probe  
  113  7:51  Assimilator  
  113  7:53  Gateway x2  
  113  7:56  Gateway  
  113  7:58  Gateway  
  113  7:59  Probe x2  
  113  8:00  Probe  
  116  8:05  Pylon  
  116  8:08  Shield Battery  
  116  8:11  Probe, Shield Battery x2  
  117  8:23  Probe x3  
  120  8:36  Probe  
  120  8:37  High Templar  
  120  8:38  High Templar  
  125  8:41  Pylon  
  125  8:42  Archon  
  125  8:43  Pylon  
  125  8:47  Pylon  
  125  8:48  Assimilator  
  125  8:59  Probe x3  
  125  9:02  High Templar x4  
  132  9:04  Warp Prism, Nexus  
  132  9:05  Zealot x3, Pylon  
  132  9:06  Archon x2, Pylon  
  132  9:07  Pylon  
  132  9:08  Pylon  
  142  9:12  Probe  
  145  9:25  Zealot x3  
  145  9:26  Zealot  
  152  9:35  Observer  
  145  9:48  Probe x2  
  145  9:49  Probe  
  146  9:59  High Templar  
  148  10:00  High Templar x3, Probe  
  148  10:01  Probe  
  148  10:05  Probe  
  157  10:12  Probe  
  157  10:13  Probe  
  159  10:17  Probe  
  159  10:19  Nexus, Zealot  
  159  10:21  Zealot x2  
  164  10:25  Probe  
  155  10:28  Nexus  
  155  10:31  Pylon  
  155  10:33  Pylon  
  128  10:45  Stalker x3  
  128  10:46  Stalker x2  
  128  10:47  Stalker x3  
Tags
 
Add a new tag
Caveats
  • Supply blocks, unpowered buildings, or Contaminate may cause inaccurate times.
  • Supply counts are checked every 10 seconds.